 Dungeon Crawl Stone Soup version 0.30.0-29-ga12c61a403 (webtiles) character file.

Game seed: 16255648176917891600

21 ChadusMaximus the Caller (level 2, -3/19 HPs)
             Began as a Barachi Summoner on June 22, 2023.
             Slain by a quokka (4 damage)
             ... on level 1 of the Dungeon.
             The game lasted 00:00:47 (759 turns).

ChadusMaximus the Caller (Barachi Summoner)          Turns: 759, Time: 00:00:47

Health: -3/19      AC:  2    Str:  9    XL:     2   Next: 87%
Magic:  5/5        EV: 12    Int: 15    God:
Gold:   59         SH:  0    Dex: 12    Spells: 5/6 levels left

rFire   . . .        e - +0 mace
rCold   . . .        (no shield)
rNeg    . . .        a - +0 robe
rPois   .            (no helmet)
rElec   .            (no cloak)
rCorr   .            (no gloves)
SInv    .            (no boots)
Will    .....        (no amulet)
Stlth   ++           (no ring)
HPRegen 0.23/turn    (no ring)
MPRegen 0.09/turn

%: no passive effects
@: slow
A: amphibious, slowness 1, strong legs 1, +LOS
a: Hop


You were on level 1 of the Dungeon.
You visited 1 branch of the dungeon, and saw 1 of its levels.

You collected 59 gold pieces.

Inventory:

Hand Weapons
 e - a +0 mace (weapon)
Missiles
 c - 2 throwing nets
Armour
 a - a +0 robe (worn)
Jewellery
 h - a ring of magical power
Scrolls
 g - a scroll of enchant armour {unknown}
 k - a scroll of amnesia {unknown}
 l - a scroll of torment {unknown}
 m - a scroll of teleportation {unknown}
Potions
 b - a potion of magic
 d - a potion of heal wounds {unknown}
 f - a potion of curing {unknown}
 i - a potion of haste {unknown}
 j - a potion of mutation {unknown}


   Skills:
 - Level 2.2 Dodging
 - Level 1.8 Stealth
 + Level 2.6 Spellcasting
 * Level 5.5 Summonings


You had 5 spell levels left.
You knew the following spells:

 Your Spells              Type           Power      Damage    Failure   Level
a - Summon Small Mammal   Summ           72%        N/A       2%          1

Your spell library contained the following spells:

 Spells                   Type           Power      Damage    Failure   Level
 Call Imp                 Summ           36%        N/A       3%          2
 Call Canine Familiar     Summ           18%        N/A       7%          3
 Summon Guardian Golem    Hex/Summ       10%        N/A       21%         3
 Apportation              Tloc           2%         N/A       22%         1
 Necrotise                Necr           4%         1d4       22%         1
 Summon Lightning Spire   Summ/Air       10%        N/A       56%         4


Dungeon Overview and Level Annotations

Branches:
Dungeon (1/15)

Altars:


Innate Abilities, Weirdness & Mutations

You are amphibious.
You cover ground slowly.
You can hop short distances.
You have an extended range of vision and can be seen from far away.


Message History

You are too injured to fight recklessly!
A quokka is nearby!
You are too injured to fight recklessly!
A quokka is nearby!
You are too injured to fight recklessly!
A quokka is nearby!
You are too injured to fight recklessly!
A quokka is nearby!
You are too injured to fight recklessly!
A quokka is nearby!
You are too injured to fight recklessly!
A quokka is nearby!
You are too injured to fight recklessly!
You are too injured to fight recklessly!
You are too injured to fight recklessly!
You are too injured to fight recklessly!
Unknown command.
You hit the quokka but do no damage.
The quokka is severely wounded.
The quokka closely misses you. The quokka misses you.
You barely miss the quokka. You punch the quokka, but do no damage.
The quokka is severely wounded.
The quokka bites you. The quokka barely misses you.
You hit the quokka.
The quokka is severely wounded.
The quokka bites you.
* * * LOW HITPOINT WARNING * * *
You completely miss the quokka.
The quokka is severely wounded.
The quokka bites you but does no damage.
The quokka completely misses you.
You closely miss the quokka.
The quokka is severely wounded.
The quokka bites you.
* * * LOW HITPOINT WARNING * * *
The quokka closely misses you.
You closely miss the quokka.
The quokka is severely wounded.
The quokka barely misses you. The quokka bites you.
You die...

########################
#.......................
#.#####.#.########.##### ######
#.# #)#)########.#####
.....#####.### #@#.##............
####....[......r.#.##.#####......
#.#####.#####.#.##...........#
#.#####.# #.#.##..####.###.#
#....##.# #....#..####.# #.#
####.##.##.# #..#.........###.#
.....##.##†# #.........##.#.#..
..#####.##.# #............(....
..### #.##.# #..##....>##......


You could see a quokka.

Vanquished Creatures
  2 giant cockroaches (D:1)
  A hobgoblin (D:1)
  3 kobolds (D:1)
  A quokka (D:1)
  4 ball pythons (D:1)
  4 bats (D:1)
  3 frilled lizards (D:1)
18 creatures vanquished.

Vanquished Creatures (collateral kills)
  An endoplasm (D:1)
1 creature vanquished.

Grand Total: 19 creatures vanquished

Notes
Turn   | Place    | Note
-------+----------+-------------------------------------------
     0 | D:1      | ChadusMaximus the Barachi Summoner began the quest for the
                  | Orb.
     0 | D:1      | Reached XP level 1. HP: 13/13 MP: 3/3
   216 | D:1      | Reached skill level 5 in Summonings
   286 | D:1      | Reached XP level 2. HP: 17/19 MP: 5/5
   759 | D:1      | Slain by a quokka

Illustrated notes

Levels and vault maps discovered:
D:1:      mainiacjoe_arrival_reflecting_pool, layout_loops_ring

Skill      XL: |  1 |
---------------+----+-----
Summonings     | 5 |  5.5
Dodging        | |  2.2
Stealth        | |  1.8
Spellcasting   | |  2.6

Action                     || total
---------------------------++-------
  Melee: Mace              ||    71
         Unarmed           ||     7
         Punch             ||     1
   Cast: Summon Small Mamm ||     6
   Stab: Sleeping          ||     4
 Armour: Robe              ||    25
  Dodge: Dodged            ||    76
